 Dungeon Crawl Stone Soup version 0.24.0-29-g8ce449bc06 (webtiles) character file.

Game seed: 15277495895604769272, levelgen mode: deterministic

113 Flugslaktarn the Skirmisher (level 4, 0/41 HPs)
             Began as a Minotaur Fighter on Nov 14, 2019.
             Succumbed to a kobold's poison
             ... on level 3 of the Dungeon.
             The game lasted 00:01:08 (2097 turns).

Flugslaktarn the Skirmisher (Minotaur Fighter)      Turns: 2097, Time: 00:01:09

Health: 0/41       AC:  9    Str: 19 (21) XL:     4   Next: 65%
Magic:  3/3        EV:  7    Int:  2 (5)  God:
Gold:   144        SH:  9    Dex:  8 (10) Spells: 3/3 levels left

rFire    . . .     SeeInvis .   a - +0 war axe
rCold    . . .     Gourm    .   c - +0 shield
rNeg     . . .     Faith    .   b - +0 scale mail
rPois    .         Spirit   .   (helmet restricted)
rElec    .         Reflect  .   (no cloak)
rCorr    .         Harm     .   (no gloves)
MR       .....                  (no boots)
Stlth    ..........             (no amulet)
HPRegen  0.13/turn              (no ring)
MPRegen  0.08/turn              (no ring)

@: lethally poisoned (0 -> -22), very slightly contaminated, invisible
A: retaliatory headbutt, claws 1, horns 2, molten scales 1
a: no special abilities


You were on level 3 of the Dungeon.
You were not hungry.

You visited 1 branch of the dungeon, and saw 3 of its levels.

You collected 144 gold pieces.

Inventory:

Hand Weapons
 a - a +0 war axe (weapon)
Armour
 b - a +0 scale mail (worn)
 c - a +0 shield (worn)
Jewellery
 m - a cursed ring of teleportation {unknown}
   (You found it on level 2 of the Dungeon)
 p - an uncursed ring of stealth {unknown}
   (You found it on level 2 of the Dungeon)
Scrolls
 g - 2 scrolls of fear {unknown}
 j - 2 scrolls of identify {unknown}
 k - 2 scrolls of amnesia {unknown}
 l - a scroll of random uselessness {unknown}
 n - a scroll of remove curse {unknown}
 o - a scroll of magic mapping {unknown}
 r - a scroll of fog {unknown}
 s - 2 scrolls of teleportation {unknown}
Potions
 d - 2 potions of might
 i - a potion of mutation
Comestibles
 e - 6 rations
 f - 3 chunks of flesh


   Skills:
 + Level 4.4 Fighting
 * Level 4.1 Axes
 + Level 4.3 Armour
 + Level 4.3 Shields


You had 3 spell levels left.
You didn't know any spells.
Your spell library was empty.

Dungeon Overview and Level Annotations

Branches:
Dungeon (3/15)

Altars:
Dithmenos
Qazlal
The Shining One


Innate Abilities, Weirdness & Mutations

You reflexively headbutt those who attack you in melee.
You have a pair of horns on your head.
You have sharp fingernails.
You are partially covered in molten scales. (AC +2)


Message History

You feel very sick.
You are very lightly contaminated with residual magic.
There is a lethal amount of poison in your body!
* * * LOW HITPOINT WARNING * * *
You feel very sick.
* * * LOW HITPOINT WARNING * * *
You feel sick.
* * * LOW HITPOINT WARNING * * *
You feel sick.
* * * LOW HITPOINT WARNING * * *
You feel sick.
Really walk into that teleport trap?
You enter a teleport trap!
The teleport trap disappears.
Your surroundings suddenly seem different.
* * * LOW HITPOINT WARNING * * *
You feel sick.
Unknown command.
There is a lethal amount of poison in your body!
Unknown command.
You die...

#........#####.#
#########.....#
.........>..#
########.....#
.............###...
.#######.#.........
............####
..######.#.........
#..)!.@#..##.###.
#.....)...#..# #
#.##.####.#..# ..
.....# ## #.#..#
#.#.... #.# ### ...


There were no monsters in sight!

Vanquished Creatures
  2 adders
  An ooze (D:1)
  2 leopard geckos (D:1)
  3 orcs (D:3)
  11 giant cockroaches
  11 goblins
  5 hobgoblins
  8 jackals
  A quokka (D:3)
  A ball python (D:3)
  9 bats
  4 frilled lizards
  7 kobolds
  14 rats
79 creatures vanquished.

Notes
Turn   | Place    | Note
-------+----------+-------------------------------------------
     0 | D:1      | Flugslaktarn the Minotaur Fighter began the quest for the
                  | Orb.
     0 | D:1      | Reached XP level 1. HP: 19/19 MP: 0/0
    65 | D:1      | Reached XP level 2. HP: 27/27 MP: 1/1
   241 | D:1      | Found a glowing golden altar of the Shining One.
   406 | D:1      | Reached XP level 3. HP: 33/33 MP: 2/2
   830 | D:2      | Found a stormy altar of Qazlal.
   898 | D:2      | Found a shadowy altar of Dithmenos.
   906 | D:2      | Found a glowing golden altar of the Shining One.
  1374 | D:2      | Reached XP level 4. HP: 38/40 MP: 3/3
  2089 | D:3      | Gained mutation: You have sharp fingernails. [potion of
                  | mutation]
  2089 | D:3      | Gained mutation: You are partially covered in molten
                  | scales. (AC +2) [potion of mutation]
  2096 | D:3      | HP: 2/41 [poisoned by a kobold]
  2097 | D:3      | Succumbed to a kobold's poison

Levels and vault maps discovered:
D:1:      psy_arrival_spokes, layout_basic, tso_metal_star
D:2:      layout_loops_corners, nicolae_overflow_crystal_walls,
          lemuel_crystal_altar, grunt_dithmenos_smoke,
          minmay_misc_feat_diagonals, minmay_worlds_worst_comb
D:3:      layout_basic, fedhas_altar_4, overflow_temple_1_default,
          minmay_joined_circles

Skill      XL: |  1  2  3  4 |
---------------+-------------+-----
Axes           | 3 4 |  4.1
Shields        | 4 |  4.3
Fighting       | 4 |  4.4
Armour         | 4 |  4.3

Action                   |  1- 3 |  4- 6 || total
-------------------------+-------+-------++-------
Melee: War axe           |   108 |    70 ||   178
       Headbutt          |    13 |     9 ||    22
  Use: Potion            |       |     3 ||     3
  Eat: Chunk             |     2 |     2 ||     4
Armor: Scale mail        |    71 |    28 ||    99
Dodge: Dodged            |    30 |    20 ||    50
Block: Shield            |    61 |    42 ||   103
